Map: Orbital Shipyard

Players

capac

  • Race: Terran Terran
  • League: Gold

ayazzz - Winner!

  • Race: Protoss Protoss
  • League: Gold

VOD

Have the link to the VOD?

Description

Time

  • Played on: Dec. 1, 2015, 9:21 a.m.
  • Length: 13:25
Show
View Real Time Build Order
Export as new Build Order

capac Terran 

Build Orders: MMM Bio 

Get SALT Encoding   

  12  0:01  SCV  
  13  0:13  SCV  
  14  0:20  Supply Depot  
  14  0:27  SCV  
  15  0:41  SCV  
  16  0:45  Barracks  
  16  0:47  Refinery  
  16  0:53  SCV  
  17  1:05  SCV  
  18  1:17  SCV  
  19  1:30  SCV  
  20  1:34  Supply Depot  
  20  1:36  Reaper  
  22  1:54  Orbital Command  
  21  2:04  Command Center  
  21  2:12  Factory  
  21  2:20  SCV  
  22  2:27  Marine  
  23  2:41  SCV  
  22  2:52  Refinery  
  22  2:53  Barracks  
  22  2:54  Marine  
  22  2:56  Barracks  
  23  3:04  SCV  
  24  3:12  Starport  
  24  3:14  Factory Tech Lab  
  24  3:16  SCV  
  24  3:19  Engineering Bay  
  25  3:22  Orbital Command  
  25  3:29  SCV  
  25  3:31  Barracks Reactor  
  25  3:33  Marine  
  27  3:42  Marine  
  27  3:44  Marine  
  27  3:47  SCV  
  30  3:53  Missile Turret  
  30  3:54  Missile Turret  
  30  4:00  Barracks Reactor  
  30  4:05  Barracks Tech Lab  
  30  4:06  Barracks Reactor  
  30  4:08  Starport Reactor  
  30  4:16  Refinery  
  30  4:22  SCV x2  
  32  4:34  SCV x2  
  34  4:40  Stimpack  
  34  4:47  Medivac  
  34  4:48  Medivac  
  34  4:49  Marine  
  34  4:50  Marine  
  34  4:52  Marine x2  
  42  4:54  Marauder  
  42  4:56  SCV x2  
  46  5:02  Refinery  
  46  5:12  Supply Depot  
  46  5:14  Supply Depot  
  46  5:31  Liberator  
  46  5:32  Liberator  
  46  5:34  SCV x2  
  48  5:38  Marine x3  
  48  5:39  Marauder, Marine  
  60  5:56  SCV  
  62  5:57  SCV  
  62  5:59  Supply Depot  
  62  6:01  Supply Depot  
  62  6:02  Siege Tank  
  65  6:11  Marine x3  
  65  6:12  Marine  
  65  6:13  Marine  
  70  6:19  Barracks  
  70  6:22  Barracks  
  70  6:25  Supply Depot  
  70  6:26  SCV  
  70  6:27  Supply Depot, SCV  
  70  6:30  Marine x3  
  70  6:31  Marine  
  76  6:38  SCV  
  76  6:39  SCV  
  67  7:13  Marine x2  
  67  7:14  Marine x2  
  67  7:15  Marauder  
  68  7:16  Viking x2  
  68  7:18  SCV x2  
  74  7:25  Starport  
  74  7:26  Starport  
  72  7:31  Marine x2  
  72  7:32  Marine  
  72  7:33  Marine  
  76  7:42  SCV x2  
  78  7:58  Viking, Command Center  
  78  8:01  SCV x2  
  82  8:12  Marine x2  
  82  8:13  Marauder, Marine x2  
  82  8:18  Barracks Tech Lab  
  82  8:19  Barracks Reactor  
  88  8:28  Starport Reactor x2  
  88  8:29  Viking  
  88  8:30  Viking  
  92  8:42  Marine  
  92  8:43  Marine x2  
  92  8:44  Marine  
  92  8:46  Marauder x2  
  100  8:49  Combat Shields  
  100  8:50  Supply Depot, Concussive Shells  
  100  8:52  SCV x2  
  102  8:58  Terran Infantry Weapons Level 1  
  102  9:02  Engineering Bay  
  102  9:04  Armory  
  78  9:10  Viking x2, Medivac  
  102  9:11  Medivac  
  110  9:27  Medivac  
  110  9:28  Viking  
  114  9:35  Missile Turret  
  114  9:54  Terran Infantry Armor Level 1  
  114  9:56  Terran Ship Weapons Level 1  
  114  10:03  Siege Tank  
  117  10:07  Marine x5  
  117  10:08  Marauder, Marine  
  125  10:26  Supply Depot  
  125  10:29  Viking x2, Supply Depot, Marauder, Marine x4  
  125  10:30  Marauder  
  137  10:51  Supply Depot  
  137  10:52  Supply Depot  
  137  11:07  Marine x2  
  137  11:08  Marine x5  
  137  11:09  Marauder  
  146  11:19  Orbital Command  
  146  11:25  Marine x3  
  146  11:26  Marine  
  146  11:27  Marauder  
  146  11:30  Marauder  
  152  11:47  Liberator x2  
  152  11:49  Liberator  
  119  11:59  Marine x2  
  119  12:00  Marine x4  
  99  12:01  Marauder x2  
  107  12:16  Liberator x2  
  107  12:17  Liberator  
  109  12:23  Marauder x2  
Show
View Real Time Build Order
Export as new Build Order

ayazzz Protoss - Winner!

Build Orders: Colossus Rush 

Get SALT Encoding   

  12  0:01  Probe (Chrono Boost)  
  13  0:14  Pylon  
  13  0:17  Probe (Chrono Boost)  
  14  0:27  Probe (Chrono Boost)  
  15  0:33  Gateway  
  15  0:38  Probe (Chrono Boost)  
  16  0:45  Assimilator  
  16  0:49  Probe (Chrono Boost)  
  17  0:57  Pylon  
  17  0:59  Probe (Chrono Boost)  
  18  1:10  Probe (Chrono Boost)  
  19  1:20  Probe (Chrono Boost)  
  19  1:21  Cybernetics Core  
  20  1:31  Probe (Chrono Boost)  
  21  1:41  Probe (Chrono Boost)  
  21  1:44  Assimilator  
  22  1:52  Probe (Chrono Boost)  
  23  2:03  Mothership Core (Chrono Boost)  
  25  2:09  Warp Gate  
  25  2:21  Probe (Chrono Boost)  
  26  2:24  Nexus  
  26  2:32  Probe (Chrono Boost)  
  26  2:35  Pylon  
  27  2:42  Probe (Chrono Boost)  
  28  2:45  Pylon  
  28  2:53  Probe (Chrono Boost)  
  29  3:03  Probe (Chrono Boost)  
  30  3:11  Stalker  
  32  3:14  Probe (Chrono Boost)  
  32  3:16  Robotics Facility  
  33  3:21  Gateway  
  33  3:25  Assimilator  
  33  3:28  Probe (Chrono Boost)  
  34  3:42  Probe (Chrono Boost)  
  35  3:50  Probe (Chrono Boost)  
  35  3:53  Probe (Chrono Boost)  
  37  4:03  Probe (Chrono Boost)  
  37  4:05  Robotics Bay  
  37  4:06  Probe (Chrono Boost)  
  39  4:11  Observer  
  39  4:16  Probe (Chrono Boost)  
  41  4:17  Probe (Chrono Boost)  
  42  4:26  Probe (Chrono Boost), Assimilator  
  42  4:29  Probe (Chrono Boost)  
  44  4:35  Zealot  
  44  4:36  Stalker  
  44  4:37  Probe (Chrono Boost)  
  49  4:45  Probe (Chrono Boost)  
  49  4:52  Colossus (Chrono Boost)  
  56  4:59  Probe x2  
  58  5:08  Pylon  
  58  5:10  Probe  
  58  5:11  Probe  
  58  5:12  Pylon  
  60  5:15  Pylon  
  60  5:18  Stalker  
  62  5:27  Pylon  
  62  5:28  Zealot  
  64  5:39  Colossus (Chrono Boost)  
  69  5:43  Nexus  
  69  5:46  Pylon  
  69  5:48  Pylon  
  69  5:51  Probe x2, Pylon  
  71  6:01  Probe, Forge  
  71  6:03  Probe  
  73  6:05  Stalker x2  
  77  6:12  Probe  
  77  6:15  Probe  
  85  6:26  Colossus (Chrono Boost)  
  85  6:27  Probe  
  85  6:31  Extended Thermal Lance  
  86  6:42  Assimilator  
  86  6:48  Stargate  
  72  7:33  Void Ray  
  72  7:34  Probe  
  72  7:35  Colossus (Chrono Boost)  
  83  7:45  Probe, Gateway  
  83  7:46  Probe  
  83  7:50  Gateway  
  83  7:51  Pylon  
  85  7:55  Probe  
  85  7:56  Probe, Forge  
  87  8:01  Pylon  
  87  8:06  Probe  
  88  8:13  Stalker  
  88  8:16  Probe, Zealot  
  88  8:18  Void Ray  
  97  8:22  Colossus (Chrono Boost)  
  103  8:27  Probe  
  103  8:28  Pylon  
  103  8:31  Stargate  
  104  8:37  Probe  
  104  8:41  Zealot, Stalker, Forge  
  107  8:47  Pylon  
  107  8:48  Probe  
  109  8:54  Stargate  
  110  8:57  Stalker  
  110  8:58  Probe, Stalker  
  110  9:01  Void Ray  
  119  9:03  Protoss Air Weapons Level 1  
  119  9:06  Protoss Shields Level 1 (Chrono Boost)  
  119  9:09  Probe  
  120  9:17  Void Ray  
  120  9:19  Probe  
  120  9:22  Pylon  
  125  9:24  Nexus  
  125  9:30  Probe  
  125  9:37  Assimilator  
  126  9:40  Probe  
  126  9:41  Pylon  
  126  9:44  Void Ray  
  131  9:50  Pylon  
  131  9:51  Probe  
  131  9:53  Pylon  
  131  9:56  Pylon  
  132  10:00  Void Ray  
  132  10:02  Void Ray  
  132  10:03  Observer  
  141  10:09  Zealot x4  
  141  10:10  Probe  
  150  10:20  Probe  
  150  10:21  Observer  
  152  10:29  Void Ray (Chrono Boost)  
  152  10:35  Assimilator  
  156  10:41  Assimilator  
  156  10:43  Void Ray (Chrono Boost)  
  156  10:48  Void Ray (Chrono Boost)  
  164  10:53  Protoss Air Armor Level 1  
  164  10:55  Twilight Council  
  164  11:03  Photon Cannon  
  164  11:15  Void Ray (Chrono Boost)  
  168  11:18  Zealot x2  
  168  11:19  Zealot  
  168  11:21  Void Ray (Chrono Boost)  
  168  11:23  Pylon  
  178  11:30  Void Ray (Chrono Boost)  
  179  11:54  Void Ray  
  139  12:04  Void Ray  
  139  12:07  Stalker x4  
  147  12:11  Void Ray  
  155  12:15  Probe  
  156  12:24  Probe  
  156  12:26  Probe  
  158  12:34  Probe  
  158  12:37  Void Ray  
  163  12:45  Probe  
  158  12:55  Probe  
Tags
 
Add a new tag
Caveats
  • Supply blocks, unpowered buildings, or Contaminate may cause inaccurate times.
  • Supply counts are checked every 10 seconds.